Map: Pylon LE

Players

Crucial - Winner!

  • Race: Terran Terran
  • Spawn Location: 11:00

VOD

Have the link to the VOD?

Description

Time

  • Played on: May 17, 2025, 11:35 p.m.
  • Length: 11:00
Show
View Real Time Build Order
Export as new Build Order

Crucial Terran - Winner!

Build Orders:  

Get SALT Encoding   

  12  0:00  SCV  
  13  0:18  SCV  
  14  0:26  Supply Depot  
  14  0:35  SCV  
  15  0:56  SCV  
  16  1:10  Barracks  
  16  1:13  SCV  
  16  1:18  Refinery  
  17  1:30  SCV  
  18  1:47  SCV  
  19  2:15  Orbital Command  
  19  2:22  Command Center  
  19  2:47  Factory  
  19  2:53  Supply Depot, SCV  
  20  3:00  Marine  
  20  3:09  SCV  
  21  3:16  Refinery  
  22  3:25  Marine  
  22  3:26  Supply Depot, SCV  
  24  3:43  SCV  
  24  3:49  Starport  
  25  3:52  Marine  
  25  3:58  Factory Reactor  
  26  4:04  Supply Depot  
  26  4:17  Orbital Command  
  26  4:22  SCV  
  27  4:38  Marine  
  27  4:39  SCV  
  29  4:47  Supply Depot  
  29  5:00  Medivac  
  29  5:01  Medivac  
  29  5:05  Marine  
  29  5:08  SCV x2  
  36  5:17  Barracks  
  36  5:22  Barracks  
  36  5:28  SCV x2  
  36  5:29  Stimpack  
  38  5:33  Barracks Tech Lab  
  38  5:45  SCV x2  
  40  5:51  Medivac  
  40  5:53  Factory Tech Lab  
  42  6:05  SCV x2  
  44  6:22  SCV x2  
  44  6:24  Marine  
  44  6:26  Marine  
  44  6:27  Marine  
  44  6:28  Medivac  
  51  6:39  SCV x2  
  53  6:47  Supply Depot  
  53  6:49  Marine  
  54  6:51  Marine  
  54  6:52  Marine  
  54  6:56  SCV x2  
  58  7:07  Widow Mine  
  58  7:14  SCV x2  
  58  7:15  Marine  
  58  7:16  Marine  
  58  7:17  Marine  
  58  7:18  Medivac  
  67  7:22  Command Center  
  67  7:33  SCV x2  
  67  7:38  Engineering Bay  
  69  7:40  Marine  
  69  7:41  Marine  
  69  7:42  Marine  
  69  7:48  Barracks  
  72  7:50  SCV x2  
  72  7:52  Barracks  
  74  8:05  Marine  
  74  8:06  Marine  
  74  8:07  Marine  
  77  8:15  Terran Infantry Weapons Level 1  
  77  8:18  SCV  
  77  8:19  Unknown  
  78  8:29  SCV  
  79  8:34  Supply Depot  
  79  8:35  Supply Depot, SCV  
  80  8:46  SCV  
  81  8:58  SCV  
  82  9:09  SCV  
  83  9:13  Engineering Bay  
  83  9:14  Supply Depot  
  83  9:25  SCV  
  84  9:35  Orbital Command  
  60  9:50  Medivac x2  
  84  9:53  Siege Tank  
  84  9:54  Marine x2  
  84  9:55  Marine x2  
Tags
 
Matchup
Co-op
Replay Pack
zip
Add a new tag
Caveats
  • Supply blocks, unpowered buildings, or Contaminate may cause inaccurate times.
  • Supply counts are checked every 10 seconds.